 Dungeon Crawl Stone Soup version 0.32-a0-630-g46d191b0ed (webtiles) character file.

Game seed: 18427608677590568847

224 mopl the Ruffian (level 6, -1/42 HPs)
             Began as a Djinni Shapeshifter on Mar 6, 2024.
             Slain by Duvessa
             ... wielding a +0 short sword
              (2 damage)
             ... on level 4 of the Dungeon.
             The game lasted 00:03:12 (2303 turns).

mopl the Ruffian (Djinni Shapeshifter)              Turns: 2303, Time: 00:03:13

Health: -1/42      AC:  5    Str: 15    XL:     6   Next: 20%
Gold:   126        EV: 11    Int: 11    God:
                   SH:  5    Dex: 13

rFire   + +          .
                       - Unarmed
rCold   x . .        (no shield)
rNeg    + . .        n - +0 ring mail
rPois   ∞            (helmet currently unavailable)
rElec   .            (cloak currently unavailable)
rCorr   .            (gloves currently unavailable)
SInv    .            (boots unavailable)
Will    .....        o - amulet of reflection
Stlth   +            j - ring of positive energy
HPRegen 0.27/turn    (no ring)
MPRegen 0.00/turn

%: reflection, infuse magic (-2 HP)
@: about to teleport, beast-form, on berserk cooldown, flying, slowed, very slow
A: beast (slay +2), flying, sickness immunity, fire resistance 2, cold
vulnerability 1, float, innate caster, HP casting, extra vitality 1
a: Begin Untransformation


You were on level 4 of the Dungeon.
You were a hulking beast.
You visited 1 branch of the dungeon, and saw 4 of its levels.

You collected 126 gold pieces.

Inventory:

Missiles
 m - 3 boomerangs (quivered)
Armour
 n - a +0 ring mail (worn)
Jewellery
 j - a ring of positive energy (left hand)
 o - an amulet of reflection (around neck)
Talismans
 c - a beast talisman (active)
 d - a flux talisman
Wands
 p - a wand of mindburst (16)
Scrolls
 a - a scroll of torment {unknown}
 b - 4 scrolls of identify
 e - 2 scrolls of teleportation
 f - a scroll of vulnerability {unknown}
 g - a scroll of noise {unknown}
 i - a scroll of fog {unknown}
 l - a scroll of immolation {unknown}
Potions
 h - a potion of curing


   Skills:
 - Level 1.0 Fighting
 - Level 2.1 Dodging
 + Level 5.0 Unarmed Combat
 + Level 4.3 Shapeshifting


You knew the following spells:

 Your Spells              Type           Power      Damage    Failure   Level
a - Magic Dart            Conj           0%         1d3       56%         1
b - Searing Ray           Conj           0%         2d4       71%         2
Your spell library was empty.

Dungeon Overview and Level Annotations

Branches:
Dungeon (4/15)
 Temple: D:4-7

Altars:

Annotations:
D:4 Dowan, Duvessa, Menkaure, Sigmund


Innate Abilities, Weirdness & Mutations

You are a hulking beast.
Your limbs bulge with bestial killing power. (Slay +2)
You are flying.
You are immune to sickness and miasma.
You are immune to poison.
Your flesh is very heat resistant. (rF++)
You are vulnerable to cold. (rC-)
You float through the air rather than walking.
You learn spells naturally, not from books.
Your magical power is your life essence.
You have superior vitality. (+4 MHP)


Message History

The puff of flame hits you but does no damage.
Dowan gestures wildly while chanting.
Dowan blinks!
A red film seems to cover your vision as you go berserk!
You feel yourself moving faster!
You feel mighty! Sigmund gestures at you while chanting.
You are confused.
Unknown command.
You feel a strong urge to attack something.
Duvessa hits you with a +0 short sword.
You miss Duvessa. Duvessa hits you with a +0 short sword!
You punch Duvessa!
Duvessa is moderately wounded.
Duvessa barely misses you.
You closely miss Duvessa.
Duvessa is moderately wounded.
Duvessa hits you with a +0 short sword!
Duvessa says, "My weaknesses are his strengths!"
Duvessa hits you with a +0 short sword.
You feel a strong urge to attack something.
You are no longer berserk.
You are exhausted.
You feel yourself slow down.
Dowan says, "Magic and the sword, together, will defeat you."
Dowan hits you with a +0 dagger.
You are too confused!
It was a potion of curing.
You feel better. Duvessa hits you with a +0 short sword.
Duvessa hits you with a +0 short sword! Dowan hits you with a +0 dagger.
Sigmund closely misses you. Duvessa hits you with a +0 short sword.
As you read the scroll labelled JIALUVV BUGYE, it crumbles to dust.
You feel strangely unstable.
It was a scroll of teleportation.
Dowan barely misses you. Duvessa hits you with a +0 short sword.
Menkaure hits you!
* * * LOW HITPOINT WARNING * * *
Sigmund points at you and mumbles some strange words.
The puff of flame hits you. You resist.
* * * LOW HITPOINT WARNING * * *
Dowan closely misses you. Duvessa hits you with a +0 short sword.
You die...

#..e..........
#.............
#!................#
#.....<...........#
#........$........#
#.................#
#.................#
#...e..##....M....#
#....hM##.........#
#....e............#
#...)..@..........#
#.................+
#.................#
###################


You could see Duvessa (fast), Sigmund, Menkaure and Dowan.

Vanquished Creatures
  2 orc wizards
  A gnoll (D:1)
  8 adders
  2 ribbon worms (D:2)
  3 dart slugs
  7 orcs (D:3)
  2 bats
  7 endoplasms
  2 giant cockroaches (D:2)
  5 hobgoblins
  3 jackals (D:1)
  2 kobolds (D:1)
  8 quokkas
  6 ball pythons
  A frilled lizard (D:2)
  7 goblins
  8 rats
74 creatures vanquished.

Notes
Turn   | Place    | Note
-------+----------+-------------------------------------------
     0 | D:1      | mopl the Djinni Shapeshifter began the quest for the Orb.
     0 | D:1      | Reached XP level 1. HP: 17/17 MP: 0/0
    57 | D:1      | Reached XP level 2. HP: 21/22 MP: 0/0
   110 | D:1      | HP: 1/22 [gnoll/+0 flail (4)]
   113 | D:1      | Reached skill level 3 in Shapeshifting
   230 | D:1      | Reached XP level 3. HP: 24/27 MP: 0/0
   230 | D:1      | Learned a level 1 spell: Magic Dart
   937 | D:2      | Reached XP level 4. HP: 25/32 MP: 0/0
   985 | D:2      | Reached skill level 4 in Unarmed Combat
  1275 | D:2      | Reached XP level 5. HP: 14/37 MP: 0/0
  1275 | D:2      | Learned a level 2 spell: Searing Ray
  1636 | D:3      | Found a faded altar of an unknown god.
  1819 | D:3      | Reached skill level 4 in Shapeshifting
  2169 | D:3      | Reached XP level 6. HP: 27/42 MP: 0/0
  2175 | D:3      | Reached skill level 5 in Unarmed Combat
  2268 | D:4      | Noticed Duvessa
  2268 | D:4      | Noticed Dowan
  2285 | D:4      | Noticed Menkaure
  2285 | D:4      | Noticed Sigmund
  2303 | D:4      | HP: 2/42 [Menkaure (15)]
  2303 | D:4      | Slain by Duvessa

Illustrated notes

Levels and vault maps discovered:
D:1:      psy_arrival_basics, layout_basic
D:2:      layout_loops_ring
D:3:      layout_basic, hellmonk_ecumenical_altar_heavens_door
D:4:      dreamdust_elfheim, layout_gridville, chequers_ossuary_entry_cave,
          hangedman_decor_peaks_small, serial_park_tiny_2, minmay_cut_off,
          uniq_menkaure, uniq_sigmund, uniq_duvessa

Skill      XL: |  1  2  3  4  5  6 |
---------------+-------------------+-----
Shapeshifting  | 3 4 |  4.3
Unarmed Combat | 4 5 |  5.0
Fighting       | |  1.0
Dodging        | |  2.1

Action                     |  1- 3 |  4- 6 || total
---------------------------+-------+-------++-------
  Melee: Unarmed           |    81 |   153 ||   234
         Punch             |     3 |     3 ||     6
    Use: Potion            |     1 |     2 ||     3
         Scroll            |       |     2 ||     2
   Stab: Sleeping          |     2 |       ||     2
 Armour: Animal skin       |    29 |    73 ||   102
         Skin              |     5 |       ||     5
         Ring mail         |       |    25 ||    25
  Dodge: Dodged            |    30 |   101 ||   131

Table legend: (Time is in decaauts)
 A = Elapsed time spent in this place.
 B = Non-inter-level travel time spent in this place.
 C = Inter-level travel time spent in this place.
 D = Time resting spent in this place.
 E = Time spent auto-exploring this place.
 F = Levels seen in this place.
 G = Mean time per level.
                   A        B        C        D        E       F      G
               +--------+--------+--------+--------+--------+-----+--------+
         Total |   2283 |   2183 |    100 |    336 |   1340 |   4 |  570.8 |
       Dungeon |   2283 |   2183 |    100 |    336 |   1340 |   4 |  570.8 |
               +--------+--------+--------+--------+--------+-----+--------+

Top non-repeatable levels by time:
     D:1: 895 daAuts
     D:2: 800 daAuts
     D:3: 571 daAuts
     D:4: 16 daAuts
